 Dungeon Crawl Stone Soup version 0.32-a0-999-gfa1cc04b1d (webtiles) character file.

Game seed: 9157430889060401725

77 GiantSquids the Sneak (level 4, 0/31 HPs)
             Began as an Octopode Delver on Apr 25, 2024.
             Succumbed to a kobold brigand's poison
             ... in a sewer.
             The game lasted 00:02:17 (538 turns).

GiantSquids the Sneak (Octopode Delver)              Turns: 538, Time: 00:02:18

Health: 0/31       AC:  1    Str: 11    XL:     4   Next: 34%
Magic:  4/4        EV: 12    Int: 12    God:
Gold:   43         SH:  0    Dex: 15    Spells: 3/3 levels left

rFire   . . .        a - +0 short sword
rCold   . . .        (no shield)
rNeg    . . .        (helmet restricted)
rPois   .            (no amulet)
rElec   .            (no ring)
rCorr   .            (no ring)
SInv    .            (no ring)
Will    .....        (no ring)
Stlth   ++++++       (no ring)
HPRegen 0.25/turn    (no ring)
MPRegen 0.09/turn    (no ring)
                     (no ring)

%: no passive effects
@: lethally poisoned (0 -> -13)
A: almost no armour, amphibious, 8 rings, camouflage 1, gelatinous body 1,
nimble swimmer 1, tentacles
a: no special abilities


You were in a sewer.
You visited 1 branch of the dungeon, and saw 3 of its levels.
You also visited: Sewer.

You collected 43 gold pieces.

Inventory:

Hand Weapons
 a - a +0 short sword (weapon)
Wands
 f - a wand of digging (3)
Scrolls
 b - a scroll of fog
 c - a scroll of revelation
 d - a scroll of fear
 h - a scroll of butterflies {unknown}
Potions
 e - a potion of haste
 g - a potion of mutation {unknown}


   Skills:
 - Level 3.0 Fighting
 * Level 3.8 Short Blades
 - Level 2.0 Dodging
 + Level 7.4 Stealth


You had 3 spell levels left.
You didn't know any spells.
Your spell library was empty.

Dungeon Overview and Level Annotations

Branches:
Dungeon (5/15)              Sewer (1/1)
 Temple: D:4-7

Altars:

Shops:
D:5 (


Innate Abilities, Weirdness & Mutations

You cannot wear most types of armour.
You are amphibious.
You can wear up to eight rings at the same time.
Your skin changes colour to match your surroundings (Stealth+).
Your rubbery body absorbs attacks. (AC +1, EV +1)
You are camouflaged when in or above water. (Stealth+)
You have tentacles for arms and can constrict up to eight enemies at once.


Message History

The poisoned dart barely misses you.
You hit the kobold. You grab the kobold.
The kobold is severely wounded.
You constrict the kobold.
You kill the kobold!
You hear a splash.
The kobold brigand throws a poisoned dart.
The poisoned dart hits you!
You are poisoned.
You feel sick.
You feel sick.
The kobold hits you with a +0 short sword.
You feel sick.
The kobold brigand hits you with a +0 short sword.
The kobold attacks as it pursues you! The kobold closely misses you.
You hit the kobold brigand but do no damage.
Your grab misses the kobold brigand.
You feel sick.
The kobold brigand splashes around in the water.
The kobold barely misses you.
You barely miss the kobold. Your grab misses the kobold.
You feel sick.
The kobold brigand hits you with a +0 short sword!
* * * LOW HITPOINT WARNING * * *
You feel sick.
You are no longer poisoned.
A kobold brigand is nearby!
The kobold brigand throws a poisoned dart.
The poisoned dart hits you!
You are poisoned.
* * * LOW HITPOINT WARNING * * *
You feel sick.
The kobold brigand throws a poisoned dart.
The poisoned dart hits you!
You are lethally poisoned!
* * * LOW HITPOINT WARNING * * *
You feel very sick.
The kobold splashes around in the water.
The kobold brigand splashes around in the water.
You hit the kobold brigand. Your grab misses the kobold brigand.
The kobold brigand is lightly wounded.
You die...

#~# ## #~# ##. #~# ##.~.
#########~## #.~≈~
#.~~~~~.~~.#######
#..~..#.~~~~~.~~~~.~...####
#.....#~~≈≈≈~~~~~~~≈~~~~≈≈≈
#......~~≈≈≈≈≈≈≈≈≈≈≈≈≈≈≈≈≈≈
....#.~≈@≈~~~~~~~~~~~~~≈≈ #
#.~~KK~..~.......####
#..~.~..~~.###.###
############ #∩# ###


You could see a kobold brigand and a kobold.

Vanquished Creatures
  4 adders (D:3)
  2 river rats (Sewer)
  A ribbon worm (D:3)
  A ball python (D:3)
  2 endoplasms
  2 giant cockroaches
  A hobgoblin (D:3)
  2 jackals (Sewer)
  A quokka (D:3)
  A kobold (Sewer)
  7 rats
24 creatures vanquished.

Notes
Turn   | Place    | Note
-------+----------+-------------------------------------------
     0 | D:5      | GiantSquids the Octopode Delver began the quest for the
                  | Orb.
     0 | D:5      | Reached XP level 1. HP: 16/16 MP: 1/1
    98 | D:3      | Reached XP level 2. HP: 16/21 MP: 2/2
   243 | D:3      | Reached skill level 7 in Stealth
   243 | D:3      | Reached XP level 3. HP: 26/26 MP: 3/3
   247 | D:3      | Found a glowing drain.
   340 | Sewer    | Entered a sewer
   360 | Sewer    | Reached XP level 4. HP: 18/31 MP: 4/4
   470 | Sewer    | Noticed a kobold brigand
   538 | Sewer    | Succumbed to a kobold brigand's poison

Illustrated notes

Levels and vault maps discovered:
D:3:      layout_loops_ring, mainiacjoe_overflow_chevrons,
          mainiacjoe_sewer_entry_somewhere_in_here_2, minmay_fountain_box
D:4:      nicolae_cairo_tiling_large_dashed, layout_rooms,
          minmay_temple_entry_nine_rooms, nicolae_elevator_lobby_asterisk,
          uniq_menkaure
D:5:      layout_basic, serial_shops, shop
Sewer:    sewer_kobolds

Skill      XL: |  1  2 |
---------------+-------+-----
Short Blades   | 3 |  3.8
Stealth        | 7 |  7.4
Fighting       | |  3.0
Dodging        | |  2.0

Action                     |  1- 3 |  4- 6 || total
---------------------------+-------+-------++-------
  Melee: Short sword       |    40 |    15 ||    55
         Tentacles         |     7 |     2 ||     9
         Constrict         |    10 |     2 ||    12
   Stab: Sleeping          |     6 |       ||     6
 Armour: Skin              |    20 |     7 ||    27
  Dodge: Dodged            |    24 |     8 ||    32

Table legend: (Time is in decaauts)
 A = Elapsed time spent in this place.
 B = Non-inter-level travel time spent in this place.
 C = Inter-level travel time spent in this place.
 D = Time resting spent in this place.
 E = Time spent auto-exploring this place.
 F = Levels seen in this place.
 G = Mean time per level.
                   A        B        C        D        E       F      G
               +--------+--------+--------+--------+--------+-----+--------+
         Total |    529 |    529 |      0 |    138 |    114 |   4 |  132.2 |
       Dungeon |    335 |    335 |      0 |     71 |    114 |   3 |  111.7 |
         Sewer |    193 |    193 |      0 |     67 |      0 |   1 |  193.0 |
               +--------+--------+--------+--------+--------+-----+--------+

Top non-repeatable levels by time:
     D:3: 298 daAuts
   Sewer: 193 daAuts
     D:5: 23 daAuts
     D:4: 14 daAuts
